Map: [ESL] Inside and Out

Players

herO - Winner!

  • Race: Protoss Protoss
  • Spawn Location: 7:00

Astrea

  • Race: Protoss Protoss
  • Spawn Location: 1:00

Event: DreamHack SC2 Masters 2022 Atlanta (Offline)

VOD

Have the link to the VOD?

Description

Time

  • Played on: Nov. 19, 2022, 5:43 p.m.
  • Length: 9:52

All games in this series

Show
View Real Time Build Order
Export as new Build Order

herO Protoss - Winner!

Build Orders: Oracle Opening 

Get SALT Encoding   

  12  0:00  Probe  
  13  0:12  Probe  
  14  0:17  Pylon  
  14  0:24  Probe (Chrono Boost)  
  16  0:36  Probe (Chrono Boost), Gateway  
  16  0:43  Probe (Chrono Boost)  
  16  0:46  Assimilator  
  17  0:50  Probe  
  17  0:53  Assimilator  
  18  1:03  Probe (Chrono Boost)  
  19  1:07  Gateway  
  19  1:13  Probe (Chrono Boost)  
  19  1:18  Probe (Chrono Boost)  
  20  1:24  Cybernetics Core  
  21  1:29  Probe  
  22  1:37  Pylon  
  22  1:41  Probe  
  23  1:55  Probe  
  24  2:01  Stalker x2  
  24  2:03  Warp Gate  
  28  2:19  Shield Battery  
  28  2:31  Stalker  
  30  2:39  Nexus  
  30  2:46  Pylon  
  30  2:47  Probe  
  31  2:57  Stargate  
  31  3:05  Probe  
  32  3:17  Probe  
  31  3:22  Pylon  
  31  3:29  Probe  
  31  3:30  Twilight Council  
  32  3:37  Oracle (Chrono Boost)  
  32  3:41  Probe  
  36  3:50  Adept x2  
  36  3:53  Probe x2  
  42  4:05  Probe  
  42  4:06  Probe  
  44  4:12  Blink (Chrono Boost)  
  44  4:13  Adept x2  
  48  4:17  Probe  
  48  4:18  Probe  
  48  4:28  Gateway  
  46  4:33  Probe x2  
  46  4:46  Stalker x2  
  46  4:49  Probe x2  
  49  5:01  Probe x2  
  49  5:03  Pylon  
  49  5:06  Assimilator  
  51  5:10  Stalker x2  
  55  5:14  Pylon  
  55  5:21  Probe x2  
  57  5:24  Stalker, Pylon  
  59  5:29  Pylon  
  59  5:33  Probe x2  
  61  5:37  Stalker x2  
  65  5:43  Gateway  
  65  5:48  Stalker  
  67  5:58  Nexus  
  67  6:04  Stalker x2  
  67  6:11  Stalker  
  73  6:14  Probe x2  
  69  6:32  Stalker x2  
  71  6:35  Stalker  
  71  6:36  Probe x2  
  71  6:37  Stalker  
  71  6:38  Pylon  
  79  6:46  Oracle (Chrono Boost)  
  77  6:49  Robotics Facility  
  71  6:56  Probe x2  
  67  7:10  Stalker x4  
  67  7:11  Probe x2  
  73  7:20  Probe  
  73  7:21  Shield Battery, Charge (Chrono Boost)  
  72  7:23  Probe x2  
  72  7:27  Gateway  
  72  7:28  Gateway  
  74  7:34  Adept x2  
  74  7:35  Adept  
  80  7:45  Stalker  
  80  7:46  Probe x2  
  80  7:47  Probe  
  85  7:59  Zealot x3, Observer (Chrono Boost)  
  85  8:02  Forge  
  90  8:08  Gateway  
  90  8:11  Observer (Chrono Boost), Gateway  
  90  8:15  Zealot  
  93  8:22  Stalker x3  
  97  8:28  Zealot x2  
  97  8:30  Pylon  
  97  8:31  Pylon  
  99  8:37  Gateway  
  99  8:45  Zealot x4  
  99  8:48  Zealot  
  109  8:50  Zealot  
  101  9:05  Stalker x4  
  101  9:06  Stalker  
  109  9:11  Stalker x2  
  109  9:16  Nexus  
  111  9:20  Probe x3  
  100  9:32  Zealot x5  
  100  9:33  Zealot x2  
Show
View Real Time Build Order
Export as new Build Order

Astrea Protoss 

Build Orders: 1 Gate Expand 

Get SALT Encoding   

  12  0:00  Probe  
  13  0:12  Probe  
  14  0:18  Pylon  
  14  0:24  Probe (Chrono Boost)  
  15  0:37  Probe (Chrono Boost), Gateway  
  16  0:45  Probe (Chrono Boost)  
  16  0:47  Assimilator  
  17  0:51  Probe  
  18  1:03  Probe  
  19  1:15  Probe  
  20  1:24  Nexus  
  20  1:27  Probe  
  21  1:37  Cybernetics Core  
  21  1:43  Assimilator  
  21  1:45  Probe  
  22  1:52  Pylon  
  22  1:57  Probe  
  23  2:10  Probe (Chrono Boost)  
  23  2:14  Warp Gate  
  23  2:15  Sentry (Chrono Boost)  
  27  2:23  Probe (Chrono Boost)  
  27  2:28  Probe (Chrono Boost)  
  28  2:32  Stalker (Chrono Boost)  
  28  2:33  Pylon  
  30  2:37  Probe x2  
  31  2:47  Gateway  
  31  2:49  Probe x2  
  33  2:59  Robotics Facility  
  33  3:01  Probe  
  33  3:04  Probe  
  34  3:13  Probe  
  34  3:16  Stalker (Chrono Boost)  
  35  3:24  Shield Battery  
  34  3:27  Shield Battery  
  34  3:31  Probe  
  34  3:32  Pylon  
  35  3:34  Probe  
  36  3:44  Immortal (Chrono Boost)  
  40  3:50  Probe  
  40  3:52  Probe  
  42  4:00  Phoenix  
  42  4:02  Probe  
  43  4:04  Probe  
  43  4:05  Stalker  
  43  4:07  Stalker  
  46  4:14  Probe (Chrono Boost)  
  46  4:16  Probe (Chrono Boost)  
  44  4:23  Observer  
  44  4:26  Probe (Chrono Boost)  
  44  4:28  Probe (Chrono Boost)  
  44  4:31  Probe (Chrono Boost)  
  44  4:33  Probe (Chrono Boost)  
  43  4:40  Probe  
  43  4:42  Stalker  
  43  4:43  Probe (Chrono Boost)  
  46  4:55  Probe (Chrono Boost)  
  46  4:58  Probe (Chrono Boost)  
  47  5:03  Probe (Chrono Boost)  
  47  5:06  Probe (Chrono Boost)  
  49  5:09  Assimilator  
  49  5:10  Probe  
  50  5:15  Forge  
  50  5:16  Twilight Council  
  50  5:20  Probe (Chrono Boost)  
  51  5:22  Probe (Chrono Boost)  
  52  5:32  Probe (Chrono Boost), Gateway  
  52  5:33  Probe (Chrono Boost), Gateway  
  54  5:37  Probe  
  54  5:41  Probe  
  56  5:48  Protoss Ground Weapons Level 1 (Chrono Boost)  
  60  5:54  Probe  
  60  5:56  Observer  
  60  5:57  Blink  
  57  5:59  Pylon  
  57  6:02  Probe  
  58  6:04  Pylon  
  58  6:06  Probe  
  59  6:17  Immortal (Chrono Boost)  
  63  6:21  Stalker x2  
  63  6:29  Stalker x2  
  63  6:46  Stalker x2  
  63  6:53  Stalker  
  59  6:55  Zealot  
  59  7:03  Immortal (Chrono Boost)  
  57  7:12  Stalker  
  57  7:14  Zealot  
  53  7:18  Probe x2  
  53  7:21  Zealot, Stalker  
  57  7:30  Probe x2  
  57  7:44  Stalker x3  
  62  7:52  Stalker  
  62  7:55  Probe x2  
  62  8:06  Observer  
  62  8:07  Stalker x2  
  66  8:13  Stalker  
  68  8:33  Stalker x3  
  70  8:36  Nexus  
  68  8:42  Pylon  
  68  8:43  Probe x2  
  70  8:53  Stalker  
  71  8:55  Probe  
  71  9:01  Stalker x3  
  71  9:02  Probe  
  71  9:07  Probe  
  72  9:14  Probe, Pylon  
  71  9:19  Probe  
  71  9:21  Stalker  
  66  9:24  Stalker x2  
  66  9:26  Probe  
  66  9:30  Stalker  
  69  9:32  Probe  
  69  9:38  Probe  
Tags
 
Add a new tag
Caveats
  • Supply blocks, unpowered buildings, or Contaminate may cause inaccurate times.
  • Supply counts are checked every 10 seconds.